 Dungeon Crawl Stone Soup version 0.31-a0-187-gba352fbbf7 (webtiles) character file.

Game seed: 15329293256317766045

1726 qw the Skirmisher (level 8, -2/46 HPs)
             Began as a Deep Elf Hunter on June 22, 2023.
             Slain by a killer bee (5 damage)
             ... on level 6 of the Dungeon.
             The game lasted 00:01:56 (4828 turns).

qw the Skirmisher (Deep Elf Hunter)                 Turns: 4828, Time: 00:01:57

Health: -2/46      AC:  9    Str: 10    XL:     8   Next: 75%
Magic:  10/10      EV: 12    Int: 15    God:
Gold:   413        SH:  0    Dex: 18    Spells: 7/7 levels left

rFire   . . .        Y - +0 shortbow (drain)
rCold   + . .        (shield currently unavailable)
rNeg    . . .        h - +0 ring mail
rPois   .            a - +0 helmet
rElec   .            (no cloak)
rCorr   .            i - +2 pair of gloves
SInv    .            (no boots)
Will    +....        (no amulet)
Stlth   +            e - ring of protection from cold
HPRegen 0.27/turn    b - ring of willpower
MPRegen 0.12/turn

%: no passive effects
@: no status effects
A: no striking features
a: no special abilities


You were on level 6 of the Dungeon.
You visited 2 branches of the dungeon, and saw 7 of its levels.

You collected 413 gold pieces.


   Skills:
 - Level 3.1 Fighting
 - Level 14.0 Ranged Weapons
 - Level 1.3 Armour
 + Level 4.0 Dodging
 - Level 1.2 Stealth


You had 7 spell levels left.
You didn't know any spells.
Your spell library was empty.

Inventory:

Hand Weapons
 Y - a +0 shortbow of draining (weapon)
Armour
 a - a +0 helmet (worn)
 h - a +0 ring mail (worn)
 i - a +2 pair of gloves (worn)
Jewellery
 b - a ring of willpower (right hand)
 e - a ring of protection from cold (left hand)
Scrolls
 f - 2 scrolls of identify
Potions
 c - a potion of heal wounds {unknown}
 g - a potion of might
 j - a potion of mutation {unknown}

Dungeon Overview and Level Annotations

Branches:
Dungeon (6/15)             Temple (1/1) D:5

Altars:
Ashenzari
Cheibriados
Dithmenos
Elyvilon
Fedhas
Gozag
Hepliaklqana
Kikubaaqudgha
Makhleb
Nemelex Xobeh
Qazlal
Ru
Trog
Uskayaw
Vehumet
Wu Jian
Xom
Yredelemnul
Zin
The Shining One

Shops:
D:1 ?


Message History

You shoot an arrow.
The arrow hits the killer bee but does no damage.
You drain the killer bee.
The killer bee is severely wounded.
You feel sick. The bullfrog barely misses you.
The killer bee stings you but does no damage.
The killer bee closely misses you.
You shoot an arrow. The arrow misses the killer bee.
You feel sick.
You are no longer poisoned.
The killer bee completely misses you. The killer bee closely misses you.
The bullfrog hits you. The killer bee closely misses you.
The killer bee barely misses you.
The bullfrog hits you but does no damage.
You shoot an arrow. The arrow hits the killer bee.
You drain the killer bee.
The killer bee is almost dead.
The killer bee stings you but does no damage. x2
The bullfrog hits you but does no damage.
The killer bee stings you but does no damage.
The killer bee stings you.
You shoot an arrow. The arrow misses the killer bee.
The killer bee barely misses you. The killer bee misses you.
The bullfrog hits you!
You shoot an arrow. The arrow hits the killer bee!
You kill the killer bee!
The killer bee stings you but does no damage.
The bullfrog barely misses you. The killer bee closely misses you.
Your Ranged Weapons skill increases to level 14!
You shoot an arrow. The arrow barely misses the bullfrog.
The killer bee completely misses you.
The bullfrog hits you but does no damage.
The ice beast hits you but does no damage.
The killer bee stings you but does no damage.
The bullfrog misses you.
You shoot an arrow. The arrow barely misses the bullfrog.
The killer bee stings you! The ice beast misses you.
The bullfrog closely misses you.
You shoot an arrow. The arrow barely misses the bullfrog.
The killer bee stings you.
You die...

################
#<.............#
#######....###.###
##....'......
#.....###.###+ #
##.###...#.......
##..#####.#..#...?
#..###....#y......
#.####.#..@F......
#..>.# #.##Y#.(...
#####.##.# #. .#
... #o..#..#.# #.
.# . #.#.))...#.#.
.# .oo#....###.#.
..
##..#........#.#
## #o.#>......##.#
...#.#...#.##%###


You could see an ice beast, a bullfrog and a killer bee.

Vanquished Creatures
  Eustachio (D:4)
  A sky beast (D:6)
  2 black bears
  3 phantoms
  Blork the orc (D:5)
  A bullfrog (D:6)
  2 scorpions
  2 killer bees (D:6)
  A howler monkey (D:4)
  A hound (D:5)
  An orc priest (D:3)
  A gnoll bouda (D:6)
  7 iguanas
  2 sleepcaps
  5 orc wizards
  8 gnolls
  6 adders
  2 shadow imps (D:5)
  An ufetubus (D:4)
  3 dart slugs
  A worm (D:3)
  7 orcs
  6 ball pythons
  2 bats
  7 endoplasms
  6 giant cockroaches
  6 goblins
  5 hobgoblins
  11 jackals
  7 kobolds
  4 quokkas
  3 frilled lizards
  6 rats
122 creatures vanquished.

Vanquished Creatures (others)
  An orc wizard (D:6)
  An endoplasm (D:3)
2 creatures vanquished.

Grand Total: 124 creatures vanquished

Notes
Turn   | Place    | Note
-------+----------+-------------------------------------------
     0 | D:1      | qw the Deep Elf Hunter began the quest for the Orb.
     0 | D:1      | Reached XP level 1. HP: 12/12 MP: 3/3
     0 | D:1      | 0 ||| qw: Version: 0.3-a-9-g12657ce
     0 | D:1      | 0 ||| qw: Game counter: 2257
     0 | D:1      | 0 ||| qw: Always use a shield: true
     0 | D:1      | 0 ||| qw: God list: Okawaru
     0 | D:1      | 0 ||| qw: Allow faded altars: false
     0 | D:1      | 0 ||| qw: Do Orc after D:15 true
     0 | D:1      | 0 ||| qw: Do second Lair branch before Depths: true
     0 | D:1      | 0 ||| qw: Lair rune preference: random
     0 | D:1      | 0 ||| qw: Plans: Normal
     0 | D:1      | 0 ||| PLANNING D:1-11
   179 | D:1      | Found Ypnush's Magic Scroll Emporium.
   183 | D:1      | 183 ||| SHOPLISTING scroll of enchant armour (75 gold, have
                  | 13).
   254 | D:1      | Reached skill level 6 in Ranged Weapons
   254 | D:1      | Reached XP level 2. HP: 16/16 MP: 4/4
   807 | D:1      | 807 ||| UPGRADING to +2 pair of gloves.
   812 | D:1      | 812 ||| READING scroll labelled HAKKYS VECEKKU.
   813 | D:1      | 813 ||| READING 2 scrolls labelled LENUOG PAQADOH.
   814 | D:1      | 814 ||| READING scroll labelled KUGIST EBETZ.
   815 | D:1      | 815 ||| READING scroll labelled LALIUG OGIN.
   816 | D:1      | 816 ||| READING scroll labelled DAISOCW OMIG.
   817 | D:1      | 817 ||| DROPPING scroll of butterflies.
  1004 | D:2      | Reached XP level 3. HP: 20/20 MP: 5/5
  1082 | D:2      | Reached skill level 7 in Ranged Weapons
  1180 | D:2      | Found a faded altar of an unknown god.
  1603 | D:2      | 1603 ||| UPGRADING to +0 helmet.
  1608 | D:2      | 1608 ||| READING scroll labelled ENONLO PIEMAA.
  1611 | D:2      | 1611 ||| READING 2 scrolls of identify.
  1611 | D:2      | 1611 ||| IDENTIFYING fuming emerald potion
  1612 | D:2      | 1612 ||| DROPPING potion of lignification.
  1806 | D:3      | 1806 ||| FLEEEEING.
  1807 | D:3      | 1807 ||| FLEEEEING.
  1808 | D:3      | 1808 ||| FLEEEEING.
  1809 | D:3      | 1809 ||| FLEEEEING.
  1818 | D:3      | Reached XP level 4. HP: 19/25 MP: 6/6
  1823 | D:3      | Reached skill level 8 in Ranged Weapons
  1826 | D:3      | HP: 6/25 [orc priest/+0 hand axe (3)]
  1828 | D:3      | Reached XP level 5. HP: 8/29 MP: 7/7
  2074 | D:3      | Found a radiant altar of Vehumet.
  2573 | D:3      | 2573 ||| UPGRADING to +0 robe of willpower.
  2583 | D:3      | 2583 ||| UPGRADING to ring of protection from cold.
  2584 | D:3      | 2584 ||| READING scroll labelled YNOEMORUOL.
  2585 | D:3      | 2585 ||| READING 2 scrolls labelled LUEJUYBYAR.
  2586 | D:3      | 2586 ||| DROPPING scroll of fog.
  2616 | D:4      | Reached skill level 3 in Dodging
  2702 | D:4      | Reached skill level 9 in Ranged Weapons
  2702 | D:4      | Reached XP level 6. HP: 34/34 MP: 8/8
  2754 | D:4      | Found an opulent altar of Gozag.
  2893 | D:4      | Noticed Eustachio
  2906 | D:4      | Killed Eustachio
  2907 | D:4      | Reached skill level 10 in Ranged Weapons
  3100 | D:4      | Found a glowing golden altar of the Shining One.
  3241 | D:4      | 3241 ||| DROPPING +0 leather armour.
  3242 | D:4      | 3242 ||| UPGRADING to +0 ring mail.
  3252 | D:4      | 3252 ||| DROPPING +0 robe of willpower.
  3253 | D:4      | 3253 ||| READING 2 scrolls of identify.
  3253 | D:4      | 3253 ||| IDENTIFYING yellow potion
  3254 | D:4      | 3254 ||| DROPPING potion of brilliance.
  3271 | D:5      | Entered Level 5 of the Dungeon
  3271 | D:5      | Noticed Blork the orc
  3276 | D:5      | Killed Blork the orc
  3277 | D:5      | Reached skill level 1 in Armour
  3277 | D:5      | Reached XP level 7. HP: 40/40 MP: 9/9
  3319 | D:5      | Found a staircase to the Ecumenical Temple.
  3320 | D:5      | 3320 ||| PLANNING TEMPLE
  3329 | Temple   | Entered the Ecumenical Temple
  3418 | Temple   | 3418 ||| PLANNING D:1-11
  3532 | D:5      | Noticed a wraith
  3720 | D:5      | Reached skill level 11 in Ranged Weapons
  3790 | D:5      | Found a snail-covered altar of Cheibriados.
  4177 | D:5      | Reached skill level 12 in Ranged Weapons
  4258 | D:5      | 4258 ||| UPGRADING to ring of willpower.
  4259 | D:5      | 4259 ||| READING scroll labelled VEUVI QIYNODA.
  4260 | D:5      | 4260 ||| DRINKING 2 viscous purple potions.
  4311 | D:6      | Reached XP level 8. HP: 39/45 MP: 10/10
  4347 | D:6      | Reached skill level 3 in Fighting
  4693 | D:6      | Reached skill level 13 in Ranged Weapons
  4732 | D:6      | 4732 ||| Stepping ~*~*~tactically~*~*~ (outnumbered).
  4734 | D:6      | 4734 ||| Stepping ~*~*~tactically~*~*~ (outnumbered).
  4737 | D:6      | 4737 ||| Stepping ~*~*~tactically~*~*~ (outnumbered).
  4824 | D:6      | HP: 10/46 [bullfrog (7)]
  4826 | D:6      | Reached skill level 14 in Ranged Weapons
  4827 | D:6      | HP: 3/46 [killer bee (8)]
  4828 | D:6      | Slain by a killer bee

Levels and vault maps discovered:
D:1:      spicycebolla_arrival_clurvy, layout_basic, serial_shops, shop,
          minmay_hexomino_u4
D:2:      layout_loops_corners, hellmonk_ecumenical_altar_blasted
D:3:      minmay_diamond_boxcup, layout_loops_corners, fiery_altar_vehumet,
          st_stairs_13, kennysheep_generic_room_9
D:4:      layout_basic, general_overflow_altar,
          nicolae_gozag_cash_rules_everything_around_me, uniq_eustachio
D:5:      layout_loops_ring, mainiacjoe_overflow_24_doors,
          minmay_temple_entry_purple_smoke, lightli_corner_chamber,
          uniq_blork_the_orc
D:6:      layout_basic, minmay_fractal_squares_gapless_5
Temple:   nicolae_temple_superstar

Skill      XL: |  1  2  3  4  5  6  7  8 |
---------------+-------------------------+-----
Ranged Weapons | 6 7 8 9 10 12 14 | 14.0
Dodging        | 3 4 |  4.0
Fighting       | 2 3 |  3.1
Armour         | 1 |  1.3
Stealth        | |  1.2

Action                     |  1- 3 |  4- 6 |  7- 9 || total
---------------------------+-------+-------+-------++-------
   Fire: Shortbow          |    89 |   109 |   261 ||   459
    Use: Scroll            |     7 |     3 |     1 ||    11
         Potion            |       |       |     1 ||     1
 Armour: Leather armour    |     5 |    10 |       ||    15
         Robe              |       |     9 |       ||     9
         Ring mail         |       |       |    81 ||    81
  Dodge: Dodged            |    18 |    26 |   101 ||   145

Table legend:
 A = Non-vault XP
 B = Vault XP
 C = Vault XP percentage of total XP
 D = Non-vault monster count
 E = Vault monster count
 F = Vault count percentage of total count
                 A         B        C        D         E       F
            +---------+---------+-------+---------+---------+-------
      Total |    2128 |     339 |  13.7 |     106 |      17 |  13.8
            +---------+---------+-------+---------+---------+-------
        D:1 |      15 |      10 |  40.0 |       9 |       4 |  30.8
        D:2 |      60 |       0 |   0.0 |      21 |       0 |   0.0
        D:3 |     158 |      26 |  14.1 |      19 |      11 |  36.7
        D:4 |     205 |     203 |  49.8 |      13 |       1 |   7.1
        D:5 |     591 |     100 |  14.5 |      18 |       1 |   5.3
        D:6 |    1099 |       0 |   0.0 |      26 |       0 |   0.0
            +---------+---------+-------+---------+---------+-------
